[Event "Titled Tuesday Blitz July 18 Early 2023"]
[White "Kuzhilniy, Oleksandr"]
[Black "Kamsky, Gata"]
[WhiteFideId "34110500"]
[BlackFideId "2000024"]
[WhiteElo "2621"]
[BlackElo "3011"]
[Result "1/2-1/2"]
[Round "2"]
[TimeControl "180+2"]
[Date "2023.07.18"]
[WhiteClock "0:00:29"]
[BlackClock "0:00:21"]
[Board "11"]

1. e4 c5 2. Nf3 e6 3. g3 Nc6 4. Bg2 d5 5. exd5 Qxd5 6. O-O Nf6 7. d3 Be7 8. a4 O-O 9. Na3 Qd8 10. Nc4 Bd7 11. Nfe5 Rc8 12. Re1 b6 13. Nxd7 Qxd7 14. c3 Rfd8 15. Qe2 Nd5 16. Bd2 Bf6 17. Rad1 g6 18. h4 h5 19. Qf3 Bg7 20. Bg5 Re8 21. Qe2 Rb8 22. Qc2 a6 23. Ne3 Nxe3 24. Bxe3 Rbc8 25. Qb3 Qa7 26. Qc4 Ne5 27. Qe4 Ng4 28. Bg5 b5 29. axb5 axb5 30. Ra1 Qd7 31. Ra5 b4 32. Rc1 bxc3 33. bxc3 Qc7 34. Rb5 Rb8 35. Rxb8 Rxb8 36. d4 cxd4 37. cxd4 Qb6 38. Be3 Nxe3 39. fxe3 Qd6 40. Kf2 Rb2+ 41. Rc2 Rb8 42. Qc6 Qd8 43. Qc7 Qf8 44. Bb7 Rd8 45. Qxd8 Qxd8 46. Rc8 Qxc8 47. Bxc8 Kf8 48. Kf3 Ke7 49. Ba6 Kd6 50. Bc4 Bf6 51. Ba2 Bd8 52. Bb3 Ba5 53. Ba2 Be1 54. Bb3 Ke7 55. Ba2 Kf6 56. Bb3 Ke7 57. Ba2 Kf6 58. Bb3 Ke7 1/2-1/2


[Site "https://www.chess.com"]

[Event "Titled Tuesday Blitz July 18 Early 2023"]
[White "Movahed, Sina"]
[Black "Borgaonkar Akshay"]
[WhiteFideId "42520835"]
[BlackFideId "25639110"]
[WhiteElo "3006"]
[BlackElo "2612"]
[Result "1/2-1/2"]
[Round "2"]
[TimeControl "180+2"]
[Date "2023.07.18"]
[WhiteClock "0:00:13"]
[BlackClock "0:00:07"]
[Board "12"]

1. Nf3 Nf6 2. g3 g6 3. Bg2 Bg7 4. O-O O-O 5. c4 d6 6. d4 c6 7. Nc3 Bf5 8. b3 Ne4 9. Bb2 Nxc3 10. Bxc3 d5 11. e3 Bg4 12. h3 Bxf3 13. Bxf3 e6 14. h4 h5 15. Rb1 Nd7 16. Qc2 Re8 17. c5 e5 18. b4 exd4 19. exd4 b5 20. cxb6 Nxb6 21. Rfe1 Nc4 22. Kg2 Na3 23. Qd3 Nxb1 24. Rxb1 Qc7 25. b5 cxb5 26. Bxd5 Rad8 27. Rxb5 Qd6 28. Bf3 Bxd4 29. Rd5 Qxd5 30. Bxd5 Rxd5 31. Bxd4 Red8 32. Qa6 Rxd4 33. Qxa7 Rd2 34. a4 R8d6 35. a5 Kg7 36. Kg1 Rd1+ 37. Kg2 R1d2 38. Qe3 Ra2 39. Qc3+ Rf6 40. Qc5 Rf5 41. Qd4+ Kh7 42. a6 Rxa6 43. f4 Ra3 44. Qc4 Raa5 45. Kh3 Rac5 46. Qb3 Rcd5 47. Qc3 Rd1 48. Qb3 Rfd5 49. Qb7 Kg7 50. Qb2+ Kh7 51. Qb7 Rd7 52. Qb3 R1d3 53. Qa2 Re3 54. Kh2 Kg7 55. Qb2+ Kh7 56. Qa2 Red3 57. Kh3 Rd2 58. Qc4 R2d4 59. Qb3 Re7 60. Qa3 Rde4 61. Qb3 Re3 62. Qb4 R7e4 63. Qb8 Re7 64. Qb4 R3e4 65. Qd6 R4e6 66. Qd5 Re3 67. f5 R3e5 68. fxg6+ fxg6 69. Qd6 R5e6 70. Qf4 Rg7 71. Qg5 Ree7 72. Qf4 Ref7 73. Qg5 Rf5 74. Qe3 Rff7 75. Qd3 Rf5 76. Qe3 Rff7 77. Qe4 Rf5 78. Qe3 1/2-1/2


[Site "https://www.chess.com"]

[Event "Titled Tuesday Blitz July 18 Early 2023"]
[White "Frolyanov, Dmitry"]
[Black "Galperin, Platon"]
[WhiteFideId "4151976"]
[BlackFideId "14165414"]
[WhiteElo "2611"]
[BlackElo "2985"]
[Result "1-0"]
[Round "2"]
[TimeControl "180+2"]
[Date "2023.07.18"]
[WhiteClock "0:00:23"]
[BlackClock "0:00:00"]
[Board "13"]

1. d4 Nf6 2. c4 e6 3. Nf3 d5 4. g3 Be7 5. Bg2 O-O 6. O-O Nbd7 7. Qc2 a5 8. Rd1 dxc4 9. Qxc4 b5 10. Qc2 Bb7 11. Ne5 Bxg2 12. Kxg2 Nxe5 13. dxe5 Nd5 14. a4 c6 15. Nc3 Qb6 16. Nxd5 cxd5 17. Be3 Qb7 18. Bd4 Rfc8 19. Qd3 b4 20. Rac1 Rc4 21. b3 Rc7 22. Qb5 Qc8 23. Rxc7 Qxc7 24. Qb6 Qc2 25. Rd3 Qxe2 26. Qb7 Re8 27. Qd7 Kf8 28. Rf3 g5 29. Bc5 g4 30. Rf4 1-0


[Site "https://www.chess.com"]

[Event "Titled Tuesday Blitz July 18 Early 2023"]
[White "Xu, Xiangyu"]
[Black "Mis, Mieszko"]
[WhiteFideId "8608288"]
[BlackFideId "1196448"]
[WhiteElo "2984"]
[BlackElo "2609"]
[Result "1-0"]
[Round "2"]
[TimeControl "180+2"]
[Date "2023.07.18"]
[WhiteClock "0:01:48"]
[BlackClock "0:01:00"]
[Board "14"]

1. d4 Nf6 2. c4 e6 3. Nc3 Bb4 4. f3 d5 5. a3 Bd6 6. e4 c5 7. cxd5 cxd4 8. Qxd4 exd5 9. Bb5+ Bd7 10. Bg5 Bxb5 11. Nxb5 Nc6 12. Qd2 Be7 13. exd5 Nxd5 14. Qxd5 Qxd5 15. Nc7+ Kd7 16. Nxd5 Bxg5 17. Nh3 Rhe8+ 18. Kf2 Bh4+ 19. g3 Be7 20. b4 Bd6 21. Rhd1 Re5 22. f4 Re4 23. Ng5 Rc4 24. Nxf7 Rc2+ 25. Kf3 1-0


[Site "https://www.chess.com"]

[Event "Titled Tuesday Blitz July 18 Early 2023"]
[White "Onufrienko, Vladislav"]
[Black "Oparin, Grigoriy"]
[WhiteFideId "13804332"]
[BlackFideId "24125890"]
[WhiteElo "2609"]
[BlackElo "2978"]
[Result "0-1"]
[Round "2"]
[TimeControl "180+2"]
[Date "2023.07.18"]
[WhiteClock "0:00:00"]
[BlackClock "0:00:15"]
[Board "15"]

1. e4 c6 2. d4 d5 3. e5 c5 4. Nf3 cxd4 5. Nxd4 e6 6. c4 Bb4+ 7. Nc3 Ne7 8. Qa4+ Nbc6 9. cxd5 Bxc3+ 10. bxc3 Qxd5 11. Nf3 O-O 12. Ba3 Rd8 13. Be2 Qd7 14. Rd1 Qe8 15. O-O Rxd1 16. Rxd1 Bd7 17. Qf4 h6 18. c4 Rc8 19. Bd3 Ng6 20. Qg3 Nce7 21. h4 Nf5 22. Qg4 Ba4 23. Rd2 Nge7 24. Qe4 Bc6 25. Qe1 Bxf3 26. gxf3 Nxh4 27. Qe4 Nef5 28. Rb2 b6 29. Kh2 Rd8 30. Rd2 Rd4 31. Qe2 Qd8 32. Rd1 Ng6 33. Bxf5 Rxd1 34. Bxg6 fxg6 35. Bd6 Rd4 36. Qc2 Qh4+ 37. Kg2 Qg5+ 38. Kf1 Qf5 39. Qb2 Rd3 40. c5 Qxf3 0-1


[Site "https://www.chess.com"]

[Event "Titled Tuesday Blitz July 18 Early 2023"]
[White "Kramnik, Vladimir"]
[Black "Fiorito, Francisco"]
[WhiteFideId "4101588"]
[BlackFideId "180165"]
[WhiteElo "2974"]
[BlackElo "2608"]
[Result "1-0"]
[Round "2"]
[TimeControl "180+2"]
[Date "2023.07.18"]
[WhiteClock "0:01:27"]
[BlackClock "0:00:13"]
[Board "16"]

1. Nf3 Nf6 2. g3 b6 3. c4 Bb7 4. d4 g6 5. Nc3 Ne4 6. Nxe4 Bxe4 7. Bh3 Bg7 8. O-O O-O 9. Re1 d6 10. d5 Bxf3 11. exf3 Nd7 12. Bg5 Bf6 13. Bxf6 Nxf6 14. Qd4 Re8 15. Re3 a6 16. Rae1 b5 17. b3 Rb8 18. f4 bxc4 19. Qxc4 Rb5 20. Bg2 Nd7 21. b4 Nb6 22. Qd4 a5 23. a3 axb4 24. axb4 Nd7 25. h4 Nf6 26. Qxf6 1-0


[Site "https://www.chess.com"]

[Event "Titled Tuesday Blitz July 18 Early 2023"]
[White "Krutko, Anatoly"]
[Black "Van Foreest, Jorden"]
[WhiteFideId "4185862"]
[BlackFideId "1039784"]
[WhiteElo "2605"]
[BlackElo "2966"]
[Result "0-1"]
[Round "2"]
[TimeControl "180+2"]
[Date "2023.07.18"]
[WhiteClock "0:00:18"]
[BlackClock "0:01:04"]
[Board "17"]

1. Nf3 d5 2. g3 Bf5 3. Bg2 e6 4. O-O Nf6 5. d3 Be7 6. c4 Nc6 7. Nc3 d4 8. Nb1 e5 9. Na3 O-O 10. Nc2 a5 11. b3 Re8 12. Bg5 Nd7 13. Bxe7 Qxe7 14. a3 Nc5 15. Rb1 h6 16. b4 axb4 17. axb4 Na4 18. Qd2 Nc3 19. Rb2 Qd6 20. b5 Nd8 21. Re1 Ne6 22. Nh4 Bh7 23. Bxb7 Ra4 24. Bc6 Rd8 25. e3 Nc5 26. exd4 exd4 27. Nb4 Rxb4 28. Rxb4 Nxd3 29. Rb2 Nxe1 30. Qxe1 Bd3 31. Rd2 Bxc4 32. Nf5 Qf6 33. Rxd4 Rxd4 34. Qe8+ Kh7 35. Ne7 Rd1+ 36. Kg2 Bf1+ 37. Kg1 Bh3# 0-1


[Site "https://www.chess.com"]

[Event "Titled Tuesday Blitz July 18 Early 2023"]
[White "Svane, Rasmus"]
[Black "Sanchez Alvares, Kelvin Antonio"]
[WhiteFideId "4657101"]
[BlackFideId "3906680"]
[WhiteElo "2963"]
[BlackElo "2605"]
[Result "1-0"]
[Round "2"]
[TimeControl "180+2"]
[Date "2023.07.18"]
[WhiteClock "0:00:05"]
[BlackClock "0:00:17"]
[Board "18"]

1. Nf3 Nf6 2. g3 b6 3. Bg2 Bb7 4. O-O e6 5. d4 c5 6. c4 cxd4 7. Qxd4 Nc6 8. Qf4 Ne7 9. b3 Ng6 10. Qd2 Bc5 11. Bb2 O-O 12. Nc3 d5 13. cxd5 Nxd5 14. Ne4 Be7 15. Rfd1 Rc8 16. h4 h5 17. Rac1 Rxc1 18. Qxc1 Qc8 19. Qa1 f6 20. Bh3 Kf7 21. Nd4 Ndf4 22. gxf4 Nxf4 23. Bxe6+ Nxe6 24. Ng3 Nxd4 25. Bxd4 Qh3 26. e4 Bd6 27. Qc3 Rc8 28. Qf3 Qxh4 29. Bxf6 Qf4 30. Qxf4 Bxf4 31. Nxh5 Bh6 32. Rd7+ Kg6 33. Rxb7 gxf6 34. Ng3 Rc2 35. Rxa7 Bd2 36. Kf1 Bf4 37. Ra6 Be5 38. Nf5 Rc6 39. a4 Bc7 40. Kg2 Kg5 41. a5 Re6 42. axb6 Bxb6 43. Nd4 Rd6 44. Nb5 Re6 45. Na3 Kf4 46. Nc4 Rxe4 47. Rxb6 1-0


[Site "https://www.chess.com"]

[Event "Titled Tuesday Blitz July 18 Early 2023"]
[White "Der_Balak_3Halak"]
[Black "Svane, Frederik"]
[BlackFideId "12923044"]
[WhiteElo "2604"]
[BlackElo "2960"]
[Result "0-1"]
[Round "2"]
[TimeControl "180+2"]
[Date "2023.07.18"]
[WhiteClock "0:00:00"]
[BlackClock "0:01:16"]
[Board "19"]

1. e4 c5 2. Nf3 d6 3. Bb5+ Nd7 4. O-O a6 5. Bxd7+ Bxd7 6. c3 Nf6 7. Re1 Bc6 8. d4 cxd4 9. cxd4 Bxe4 10. Bg5 Bg6 11. Bxf6 gxf6 12. d5 Bg7 13. Nc3 f5 14. Qb3 O-O 15. Qxb7 Rb8 16. Qxa6 Rxb2 17. Qa3 Rb7 18. Rab1 Rxb1 19. Nxb1 Bf6 20. Qa7 Qa8 21. Qxa8 Rxa8 22. a3 f4 23. h4 Ra5 24. Rd1 Be4 25. Nbd2 Bxd5 26. Rc1 Rxa3 27. Rc8+ Kg7 28. h5 Ra1+ 29. Kh2 Ra5 30. Kh3 Be6+ 31. g4 fxg3+ 32. Kxg3 Bxc8 33. Ne4 Rxh5 34. Nxf6 Kxf6 35. Nh4 Rxh4 36. f4 Kf5 37. Kxh4 Kxf4 38. Kh5 Bf5 39. Kh4 d5 40. Kh5 d4 41. Kh4 d3 42. Kh5 d2 43. Kh4 Be6 44. Kh5 d1=Q+ 45. Kh6 Qg4 46. Kxh7 Kf5 47. Kh8 Kf6 0-1


[Site "https://www.chess.com"]

[Event "Titled Tuesday Blitz July 18 Early 2023"]
[White "Pranav, V"]
[Black "HamedWafa4"]
[WhiteFideId "25060783"]
[WhiteElo "2954"]
[BlackElo "2603"]
[Result "1-0"]
[Round "2"]
[TimeControl "180+2"]
[Date "2023.07.18"]
[WhiteClock "0:02:23"]
[BlackClock "0:00:00"]
[Board "20"]

1. e4 e5 2. Nf3 Nc6 3. Bb5 a6 4. Ba4 Nf6 5. O-O Be7 6. Re1 b5 7. Bb3 O-O 8. h3 Bb7 9. d3 d6 10. a3 Na5 11. Ba2 c5 12. Nbd2 Nc6 13. Nf1 Bc8 14. Ng3 Be6 15. Bb1 h6 16. c3 Re8 17. Bc2 Bf8 18. Be3 d5 19. exd5 Nxd5 20. Bd2 Nf4 21. Nxe5 Nxe5 22. Bxf4 Ng6 23. Be3 1-0


[Site "https://www.chess.com"]

[Event "Titled Tuesday Blitz July 18 Early 2023"]
[White "Garcia Blanco, Omar"]
[Black "Aravindh, Chithambaram VR."]
[WhiteFideId "2287153"]
[BlackFideId "5072786"]
[WhiteElo "2602"]
[BlackElo "2947"]
[Result "0-1"]
[Round "2"]
[TimeControl "180+2"]
[Date "2023.07.18"]
[WhiteClock "0:00:33"]
[BlackClock "0:00:49"]
[Board "21"]

1. e4 c6 2. d4 d5 3. exd5 cxd5 4. Bd3 Nf6 5. h3 Nc6 6. c3 e6 7. Nf3 g6 8. O-O Bg7 9. Re1 O-O 10. Nbd2 Ne8 11. Nb3 Nd6 12. Bf4 f6 13. Bxd6 Qxd6 14. c4 b6 15. Rc1 Nb4 16. cxd5 Nxd5 17. Nbd2 Bb7 18. Bf1 Rac8 19. a3 Rxc1 20. Qxc1 Rc8 21. Qd1 Ne7 22. Qa4 a6 23. Ne4 Qd8 24. Ned2 b5 25. Qd1 Bd5 26. Nb3 Nf5 27. Nbd2 Bh6 28. Ne4 Rc1 29. Qe2 Bc4 30. Rxc1 Bxe2 31. Nxf6+ Kg7 32. Rc7+ Kxf6 0-1


[Site "https://www.chess.com"]

[Event "Titled Tuesday Blitz July 18 Early 2023"]
[White "He, Anthony"]
[Black "NicolaiMaxime"]
[WhiteFideId "2088215"]
[WhiteElo "2945"]
[BlackElo "2602"]
[Result "1-0"]
[Round "2"]
[TimeControl "180+2"]
[Date "2023.07.18"]
[WhiteClock "0:01:32"]
[BlackClock "0:01:25"]
[Board "22"]

1. d4 Nf6 2. Nc3 d5 3. Bf4 Bf5 4. e3 c6 5. Nf3 Nbd7 6. Be2 h6 7. O-O Nh5 8. Be5 Nxe5 9. dxe5 Nf6 10. exf6 exf6 11. Bd3 Bd7 12. e4 dxe4 13. Nxe4 Be7 14. Re1 O-O 15. Ng3 g6 16. Qd2 Kg7 17. Re2 Bc5 18. Rae1 Bg4 19. Qf4 h5 20. h3 Bd7 21. Ne4 Bb6 22. Qd6 Bc7 23. Qd4 Bb6 24. Qc3 Ba5 25. b4 Bb6 26. a3 a5 27. Nc5 Bc8 28. Re7 axb4 29. axb4 Qd5 30. Bc4 Qd6 31. Ne6+ Bxe6 32. R1xe6 Qd1+ 33. Kh2 Bxf2 34. Qxf6+ Kg8 35. Qxg6+ fxg6 36. Rxg6+ Kh8 37. Rh6# 1-0


[Site "https://www.chess.com"]

[Event "Titled Tuesday Blitz July 18 Early 2023"]
[White "Karttunen, Mika"]
[Black "Ibarra Jerez, Jose Carlos"]
[WhiteFideId "502081"]
[BlackFideId "2226332"]
[WhiteElo "2598"]
[BlackElo "2943"]
[Result "0-1"]
[Round "2"]
[TimeControl "180+2"]
[Date "2023.07.18"]
[WhiteClock "0:00:06"]
[BlackClock "0:00:07"]
[Board "23"]

1. e4 c5 2. Nf3 e6 3. d4 cxd4 4. Nxd4 Bc5 5. Nb3 Bb6 6. Nc3 Ne7 7. Qg4 O-O 8. Bd3 f5 9. exf5 Nxf5 10. O-O d5 11. Bg5 Qe8 12. Rae1 Qg6 13. h3 h6 14. Bf4 Qf7 15. Nb5 Nc6 16. Nd6 Nxd6 17. Bxd6 Rd8 18. Bg6 Qf6 19. Bg3 e5 20. Qh5 Rf8 21. Bxe5 Nxe5 22. Rxe5 Bxf2+ 23. Kh1 Qb6 24. Re2 Be6 25. c3 Rf6 26. Nd2 Raf8 27. Nf3 Bg3 28. Rd1 Bxh3 29. Bh7+ Kxh7 30. Qxh3 Rg6 31. Rxd5 Qa6 32. Ng5+ Rxg5 33. Rxg5 Rf1# 0-1


[Site "https://www.chess.com"]

[Event "Titled Tuesday Blitz July 18 Early 2023"]
[White "Vokhidov, Shamsiddin"]
[Black "Shukhman, Anna"]
[WhiteFideId "14204223"]
[BlackFideId "54180058"]
[WhiteElo "2937"]
[BlackElo "2596"]
[Result "1-0"]
[Round "2"]
[TimeControl "180+2"]
[Date "2023.07.18"]
[WhiteClock "0:02:45"]
[BlackClock "0:01:57"]
[Board "24"]

1. e4 c5 2. Nf3 a6 3. c3 d5 4. exd5 Qxd5 5. d4 e6 6. Be2 Nf6 7. O-O cxd4 8. Nxd4 Be7 9. Nd2 O-O 10. Nc4 e5 11. Nb6 Qc5 12. Nxa8 exd4 13. Qxd4 Nc6 14. Qxc5 Bxc5 15. Be3 Bxe3 16. fxe3 Nd5 17. Bf3 Nxe3 18. Rf2 Be6 19. Nc7 Bc4 20. b3 Rc8 21. bxc4 Rxc7 22. Re1 Re7 23. Bxc6 bxc6 24. Rfe2 f5 25. Rxe3 Rb7 26. Re7 Rb2 27. Rc7 h6 28. Ree7 Rxa2 29. Rxg7+ Kf8 30. Rh7 Ra1+ 31. Kf2 Ra2+ 32. Kf3 1-0


[Site "https://www.chess.com"]

[Event "Titled Tuesday Blitz July 18 Early 2023"]
[White "Ambartsumova, Karina"]
[Black "Anton Guijarro, David"]
[WhiteFideId "4166299"]
[BlackFideId "2285525"]
[WhiteElo "2595"]
[BlackElo "2934"]
[Result "1/2-1/2"]
[Round "2"]
[TimeControl "180+2"]
[Date "2023.07.18"]
[WhiteClock "0:00:15"]
[BlackClock "0:00:27"]
[Board "25"]

1. d4 d5 2. Nf3 e6 3. c4 c6 4. e3 Bd6 5. Nbd2 f5 6. b3 Nf6 7. Bb2 O-O 8. Bd3 Ne4 9. O-O Nd7 10. Ne5 a5 11. f3 Nec5 12. Bc2 Nxe5 13. dxe5 Be7 14. Qe2 b5 15. Rfd1 Ba6 16. e4 bxc4 17. bxc4 Rb8 18. Rab1 fxe4 19. fxe4 a4 20. exd5 cxd5 21. Qh5 g6 22. Bxg6 hxg6 23. Qxg6+ Kh8 24. Qh6+ Kg8 25. Qg6+ Kh8 26. Qh6+ Kg8 27. Qg6+ 1/2-1/2


[Site "https://www.chess.com"]

[Event "Titled Tuesday Blitz July 18 Early 2023"]
[White "Tasdogen, Dincer"]
[Black "Lana Rodriguez, David"]
[WhiteFideId "6367097"]
[BlackFideId "2270803"]
[WhiteElo "2931"]
[BlackElo "2593"]
[Result "1-0"]
[Round "2"]
[TimeControl "180+2"]
[Date "2023.07.18"]
[WhiteClock "0:02:06"]
[BlackClock "0:01:07"]
[Board "26"]

1. Nf3 Nf6 2. b3 e6 3. Bb2 d5 4. g3 Be7 5. Bg2 O-O 6. O-O c5 7. e3 Nc6 8. Qe2 b6 9. c4 Bb7 10. Rd1 Rc8 11. cxd5 Nxd5 12. d4 cxd4 13. Nxd4 Nxd4 14. Bxd4 Bf6 15. Qb2 Bxd4 16. Qxd4 Qf6 17. Na3 Ba8 18. Nc4 Nc3 19. Qxf6 gxf6 20. Rd3 Bxg2 21. Kxg2 Nd5 22. e4 Nb4 23. Rd7 Nc6 24. Rad1 Rfd8 25. R1d6 Rxd7 26. Rxd7 b5 27. Nd6 Rd8 28. Rxd8+ Nxd8 29. Nxb5 Nc6 30. Kf3 Kf8 31. Ke3 Ke7 32. a3 e5 33. Kd3 a6 34. Nc7 Nd4 35. b4 Nf3 36. h4 Ne1+ 37. Kd2 Nf3+ 38. Ke3 Nd4 39. Kd3 f5 40. Nxa6 Nb5 41. a4 Nd6 42. Nc5 fxe4+ 43. Nxe4 Nc8 44. g4 Ke6 45. Ng5+ Kd5 46. Nxh7 e4+ 47. Ke3 Ke5 48. Ng5 Nd6 49. f4+ exf3 50. Nxf3+ Kd5 51. Kf4 Kc4 52. b5 Kb4 53. h5 Kxa4 54. h6 f6 55. b6 Kb5 56. b7 Nxb7 57. h7 Nd6 58. h8=Q 1-0


[Site "https://www.chess.com"]

[Event "Titled Tuesday Blitz July 18 Early 2023"]
[White "Skliarov, Viktor"]
[Black "Durarbayli, Vasif"]
[WhiteFideId "14106736"]
[BlackFideId "13402935"]
[WhiteElo "2593"]
[BlackElo "2927"]
[Result "0-1"]
[Round "2"]
[TimeControl "180+2"]
[Date "2023.07.18"]
[WhiteClock "0:00:56"]
[BlackClock "0:01:14"]
[Board "27"]

1. e4 c5 2. Nf3 d6 3. d4 cxd4 4. Qxd4 a6 5. Be3 Nc6 6. Qd2 Bg4 7. Nc3 Bxf3 8. gxf3 g6 9. h4 Nf6 10. O-O-O Rc8 11. Bh3 e6 12. f4 b5 13. f3 Na5 14. e5 Nc4 15. Qe2 Nh5 16. Bg4 Ng3 17. Qf2 Nxh1 18. Rxh1 d5 19. h5 Nxe3 20. Qxe3 d4 21. Qe4 dxc3 22. hxg6 hxg6 0-1


[Site "https://www.chess.com"]

[Event "Titled Tuesday Blitz July 18 Early 2023"]
[White "Gholami Orimi, Mahdi"]
[Black "Al-Tarboush, Ward"]
[WhiteFideId "12558486"]
[BlackFideId "7601450"]
[WhiteElo "2922"]
[BlackElo "2591"]
[Result "1-0"]
[Round "2"]
[TimeControl "180+2"]
[Date "2023.07.18"]
[WhiteClock "0:00:21"]
[BlackClock "0:00:00"]
[Board "28"]

1. Nf3 Nf6 2. c4 c5 3. Nc3 Nc6 4. e3 d5 5. cxd5 Nxd5 6. d4 cxd4 7. exd4 Bg4 8. Bc4 e6 9. O-O Be7 10. h3 Bh5 11. Nxd5 exd5 12. Be2 O-O 13. Be3 Bf6 14. Qb3 Na5 15. Qb4 Nc4 16. Bf4 Re8 17. Rfe1 Qd7 18. b3 Qf5 19. Bg3 Rxe2 20. Rxe2 Bxf3 21. gxf3 Qxf3 22. Rae1 h5 23. bxc4 Bxd4 24. Qb3 Qf5 25. cxd5 h4 26. Bxh4 g5 27. Bg3 Qxh3 28. Re8+ Rxe8 29. Rxe8+ Kg7 30. Be5+ 1-0


[Site "https://www.chess.com"]

[Event "Titled Tuesday Blitz July 18 Early 2023"]
[White "Ahmad, Khagan"]
[Black "Jones, Gawain C B"]
[WhiteFideId "13431552"]
[BlackFideId "409561"]
[WhiteElo "2591"]
[BlackElo "2920"]
[Result "0-1"]
[Round "2"]
[TimeControl "180+2"]
[Date "2023.07.18"]
[WhiteClock "0:00:06"]
[BlackClock "0:00:15"]
[Board "29"]

1. Nf3 g6 2. d4 Nf6 3. c4 Bg7 4. Nc3 O-O 5. Bg5 c5 6. d5 h6 7. Bxf6 Bxf6 8. e3 e6 9. Qd2 d6 10. Bd3 Na6 11. O-O Bxc3 12. Qxc3 e5 13. e4 f5 14. a3 f4 15. Be2 g5 16. h3 h5 17. Nh2 Qe8 18. Qf3 g4 19. hxg4 hxg4 20. Nxg4 Qg6 21. Nh2 Rf7 22. Qh5 Qxe4 23. Bg4 Qh7 24. Qg5+ Qg7 25. Qxg7+ Rxg7 26. Bxc8 Rxc8 27. f3 Nc7 28. a4 Kf7 29. Rae1 Ne8 30. Ng4 Nf6 31. Nxf6 Kxf6 32. Rf2 a6 33. a5 b6 34. axb6 Rb8 35. Ra1 Rxb6 36. Ra2 Ra7 37. Kf1 Rb4 38. Rc2 a5 39. Ke2 Rb3 40. Ra3 Rxa3 41. bxa3 Rb7 42. Kf2 Rb3 43. a4 Rb4 44. g3 fxg3+ 45. Kxg3 Rxa4 46. f4 Rb4 47. Kg4 a4 48. fxe5+ Kxe5 49. Re2+ Kd4 50. Re6 a3 51. Rxd6 Ra4 0-1


[Site "https://www.chess.com"]

[Event "Titled Tuesday Blitz July 18 Early 2023"]
[White "Vlassov, Nikolai"]
[Black "Demidov, Mikhail"]
[WhiteFideId "4103360"]
[BlackFideId "4197143"]
[WhiteElo "2590"]
[BlackElo "2916"]
[Result "0-1"]
[Round "2"]
[TimeControl "180+2"]
[Date "2023.07.18"]
[WhiteClock "0:00:03"]
[BlackClock "0:00:15"]
[Board "30"]

1. e4 Nf6 2. e5 Nd5 3. c4 Nb6 4. d4 d6 5. f4 dxe5 6. fxe5 Nc6 7. Be3 Bf5 8. Nf3 e6 9. Bd3 Bg4 10. Be2 Bxf3 11. gxf3 Qh4+ 12. Bf2 Qf4 13. Rg1 h5 14. Qd2 Qxd2+ 15. Nxd2 O-O-O 16. Nb3 Bb4+ 17. Kf1 g6 18. c5 Nd5 19. a3 Ba5 20. Bb5 Nde7 21. Bh4 Nf5 22. Bxd8 Ncxd4 23. Nxa5 Rxd8 24. Bd3 Nxf3 25. Bxf5 Nxg1 26. Bxe6+ fxe6 27. Kxg1 Rd5 28. Rf1 Rxc5 29. Rf8+ Kd7 30. b4 Rc1+ 31. Kf2 b6 32. Nb3 Rc3 33. Rf3 Rc2+ 34. Kg3 c5 35. bxc5 bxc5 36. Rf7+ Kc6 37. Na5+ Kd5 38. Rxa7 Rc3+ 39. Kh4 Rxa3 40. Nc6 Rxa7 41. Nxa7 Kxe5 42. Kg5 c4 43. Nb5 Ke4 44. Kxg6 h4 45. Kg5 h3 46. Kg4 e5 47. Kxh3 Kf3 48. Kh4 e4 49. Kg5 e3 50. h4 e2 51. Nd4+ Ke3 52. Nxe2 Kxe2 53. h5 c3 54. h6 c2 55. h7 c1=Q+ 56. Kg6 Qc3 0-1


[Site "https://www.chess.com"]

[Event "Titled Tuesday Blitz July 18 Early 2023"]
[White "Altman, Joshua"]
[Black "Gordievsky, Dmitry"]
[WhiteFideId "426210"]
[BlackFideId "24112798"]
[WhiteElo "2589"]
[BlackElo "2910"]
[Result "1-0"]
[Round "2"]
[TimeControl "180+2"]
[Date "2023.07.18"]
[WhiteClock "0:01:48"]
[BlackClock "0:00:06"]
[Board "31"]

1. d4 d5 2. c4 e6 3. Nc3 Nf6 4. cxd5 exd5 5. Bg5 c6 6. Qc2 h6 7. Bh4 Be7 8. e3 O-O 9. Bd3 Re8 10. Nf3 Ne4 11. Bxe7 Qxe7 12. O-O Nd7 13. Rae1 a6 14. Nd2 Ndf6 15. f3 Nxd2 16. Qxd2 c5 17. dxc5 Qxc5 18. Ne2 Bd7 19. Nd4 Qe7 20. h3 Nh5 21. Qf2 Qg5 22. g4 Nf6 23. f4 Nxg4 24. hxg4 Qxg4+ 25. Qg2 Qh4 26. Bf5 Rad8 27. Bxd7 Rxd7 28. Qxg7+ Kxg7 29. Nf5+ Kf6 30. Nxh4 d4 31. e4 d3 32. e5+ Ke6 33. f5+ Kd5 34. Re3 Kd4 35. Rxd3+ Kxd3 36. Rd1+ Kc2 37. Rxd7 Kxb2 38. Rxb7+ Kxa2 39. Nf3 1-0


[Site "https://www.chess.com"]

[Event "Titled Tuesday Blitz July 18 Early 2023"]
[White "Antipov, Mikhail Al."]
[Black "The_Sherman_Variation"]
[WhiteFideId "4107012"]
[WhiteElo "2904"]
[BlackElo "2587"]
[Result "1-0"]
[Round "2"]
[TimeControl "180+2"]
[Date "2023.07.18"]
[WhiteClock "0:02:00"]
[BlackClock "0:01:01"]
[Board "32"]

1. e4 c6 2. d4 g6 3. Nf3 d5 4. exd5 cxd5 5. h3 Bg7 6. Be2 Nc6 7. O-O Nf6 8. Re1 O-O 9. c3 a6 10. Be3 b5 11. Nbd2 Rb8 12. Nb3 Ne4 13. Nfd2 f5 14. Bf4 Rb6 15. f3 Nd6 16. Nc5 Nc4 17. Nxc4 bxc4 18. b3 e5 19. dxe5 Nxe5 20. Bf1 Rc6 21. Bxe5 Bxe5 22. Rxe5 Rxc5 23. Bxc4 Bb7 24. Qd4 Qd6 25. Rae1 Rc7 26. Rxd5 Rxc4 27. Rxd6 1-0


[Site "https://www.chess.com"]

[Event "Titled Tuesday Blitz July 18 Early 2023"]
[White "Arat, Ufuk Sezen"]
[Black "Rasulov, Vugar"]
[WhiteFideId "6309089"]
[BlackFideId "13402390"]
[WhiteElo "2584"]
[BlackElo "2895"]
[Result "1-0"]
[Round "2"]
[TimeControl "180+2"]
[Date "2023.07.18"]
[WhiteClock "0:00:16"]
[BlackClock "0:00:00"]
[Board "33"]

1. e4 c5 2. Nf3 e6 3. d4 cxd4 4. Nxd4 Nc6 5. Nc3 Qc7 6. g3 a6 7. Bg2 Nf6 8. O-O Bc5 9. Bf4 e5 10. Nb3 exf4 11. Nxc5 O-O 12. Nd3 fxg3 13. hxg3 d6 14. Nf4 Be6 15. Ncd5 Bxd5 16. Nxd5 Nxd5 17. Qxd5 Ne5 18. c3 Rfd8 19. Rad1 Rac8 20. Bh3 Rb8 21. Bg2 b5 22. Rfe1 h6 23. Qd4 a5 24. f4 Nc4 25. b3 Na3 26. Rc1 Rbc8 27. Qf2 Qc5 28. Red1 Kf8 29. Rd5 Qxf2+ 30. Kxf2 Rc5 31. Ke3 Ke7 32. Kd3 Rdc8 33. Rxc5 dxc5 34. e5 c4+ 35. Ke3 b4 36. bxc4 Nxc4+ 37. Kd3 Na3 38. c4 Nb5 39. Bd5 Nc3 40. Rc2 f6 41. e6 Kd6 42. f5 g6 43. g4 h5 44. fxg6 hxg4 45. e7 1-0


[Site "https://www.chess.com"]

[Event "Titled Tuesday Blitz July 18 Early 2023"]
[White "Baskakov, Egor"]
[Black "Leon Oquendo, Jorge"]
[WhiteFideId "24197866"]
[BlackFideId "3514803"]
[WhiteElo "2887"]
[BlackElo "2584"]
[Result "0-1"]
[Round "2"]
[TimeControl "180+2"]
[Date "2023.07.18"]
[WhiteClock "0:00:20"]
[BlackClock "0:00:45"]
[Board "34"]

1. e4 c5 2. Nf3 d6 3. d4 cxd4 4. Nxd4 Nf6 5. Nc3 Nc6 6. g3 e5 7. Nde2 Be7 8. Bg2 Be6 9. Nd5 Bxd5 10. exd5 Nb8 11. h3 O-O 12. O-O a5 13. c4 Nfd7 14. Be3 Bg5 15. f4 exf4 16. Nxf4 Na6 17. b3 Re8 18. Qd2 Bf6 19. Rae1 g6 20. Kh2 Nac5 21. Bf2 Rxe1 22. Rxe1 Qf8 23. Nd3 b6 24. Nxc5 Nxc5 25. Qf4 Be5 26. Rxe5 dxe5 27. Qxe5 Nd3 28. Qf6 Nxf2 29. Qxb6 Nd3 30. Qd4 Nc5 31. d6 Rc8 32. Bd5 Qg7 33. Qf2 Nd7 34. a3 Qf6 35. Qd2 Kg7 36. b4 Qxd6 37. c5 Qe5 38. Bg2 Nf6 39. c6 axb4 40. axb4 h5 41. Qf4 Qxf4 42. gxf4 Ne8 43. b5 Rb8 44. Bf1 Nc7 0-1


[Site "https://www.chess.com"]